 Dungeon Crawl Stone Soup version 0.31-a0-968-g24f9ace8b5 (webtiles) character file.

Game seed: 3699324058316117635

2995 Dordric the Geomancer (level 9, -8/45 HPs)
             Began as a Gargoyle Earth Elementalist on Oct 27, 2023.
             Was a Follower of Sif Muna.
             Mangled by a yak (11 damage)
             ... on level 7 of the Dungeon.
             The game lasted 00:15:02 (9153 turns).

Dordric the Geomancer (Gargoyle Earth Elementalist) Turns: 9153, Time: 00:15:03

Health: -8/45      AC: 16    Str: 13    XL:     9   Next: 83%
Magic:  16/21      EV: 11    Int: 25    God:    Sif Muna [*.....]
Gold:   511        SH:  0    Dex: 10    Spells: 17/25 levels left

rFire   . . .        l - staff of conjuration
rCold   . . .        (no shield)
rNeg    + . .        y - +0 acid dragon scales
rPois   ∞            D - +0 helmet
rElec   +            p - +0 cloak
rCorr   +            (no gloves)
SInv    .            h - +1 pair of boots
Will    +....        w - amulet of magic regeneration
Stlth   +            o - ring of willpower
HPRegen 0.27/turn    x - +6 ring of intelligence
MPRegen 0.57/turn

%: no passive effects
@: no status effects
A: sickness immunity, AC +6, negative energy resistance 1, electricity
resistance, torment resistance 1, petrification resistance
a: Renounce Religion, Channel Magic


You were on level 7 of the Dungeon.
You worshipped Sif Muna.
Sif Muna was aware of your devotion.
You visited 2 branches of the dungeon, and saw 9 of its levels.
You also visited: Sewer.

You collected 511 gold pieces.

Inventory:

Armour
 a - a +0 robe
 h - a +1 pair of boots (worn)
 p - a +0 cloak (worn)
 y - +0 acid dragon scales (worn)
 D - a +0 helmet (worn)
Magical Staves
 l - a staff of conjuration (weapon)
 u - a staff of fire
Jewellery
 o - a ring of willpower (left hand)
 q - an amulet of regeneration
 t - a ring of see invisible
 w - an amulet of magic regeneration (around neck)
 x - a +6 ring of intelligence (right hand)
 B - a ring of protection from cold
Wands
 A - a wand of charming (6)
Scrolls
 b - a scroll of vulnerability
 d - 7 scrolls of teleportation
 f - a scroll of enchant armour {unknown}
 g - 2 scrolls of immolation
 i - 2 scrolls of blinking
 j - a scroll of butterflies {unknown}
 k - 3 scrolls of revelation
 m - 4 scrolls of fog
 n - a scroll of noise {unknown}
Potions
 c - 2 potions of heal wounds {unknown}
 e - 4 potions of enlightenment
 r - a potion of resistance {unknown}
 s - 2 potions of ambrosia {unknown}
 v - 3 potions of attraction
 z - a potion of might {unknown}


   Skills:
 - Level 1.5 Dodging
 - Level 2.1 Stealth
 + Level 8.6 Spellcasting
 - Level 0.7 Transmutations
 + Level 12.1 Earth Magic


You had 17 spell levels left.
You knew the following spells:

 Your Spells              Type           Power      Damage    Failure   Level
a - Sandblast             Erth           100%       2d20      1%          1
b - Stone Arrow           Conj/Erth      100%       3d13      1%          3
c - Brom's Barrelling Bo  Conj/Erth      57%        2d7       7%          4

Your spell library contained the following spells:

 Spells                   Type           Power      Damage    Failure   Level
 Passwall                 Tmut/Erth      35%        N/A       1%          2
 Lee's Rapid Deconstruct  Erth           32%        3d16*     1%          5
 Petrify                  Tmut/Erth      42%        N/A       6%          4
 Animate Armour           Summ/Erth      82%        N/A       7%          4
 Leda's Liquefaction      Hex/Erth       20%        N/A       7%          4
 Blink                    Tloc           20%        N/A       12%         2
 Lesser Beckoning         Tloc           20%        N/A       12%         2
 Momentum Strike          Conj/Tloc      32%        3d8       12%         2
 Call Canine Familiar     Summ           10%        N/A       24%         3
 Inner Flame              Hex/Fire       10%        N/A       24%         3
 Sigil of Binding         Hex            10%        N/A       24%         3
 Dimensional Bullseye     Hex/Tloc       5%         N/A       63%         4
 Summon Lightning Spire   Summ/Air       10%        N/A       63%         4
 Yara's Violent Unravell  Hex/Tmut       6%         3d5       89%         5
 Enfeeble                 Hex            5%         N/A       100%        7


Dungeon Overview and Level Annotations

Branches:
Dungeon (8/15)             Temple (1/1) D:5           Sewer (visited)
   Lair: D:8-11

Altars:
Ashenzari
Cheibriados
Dithmenos
Elyvilon
Fedhas
Gozag
Hepliaklqana
Kikubaaqudgha
Makhleb
Nemelex Xobeh
Okawaru
Qazlal
Ru
Sif Muna
Trog
Uskayaw
Vehumet
Wu Jian
Xom
Yredelemnul
Zin
The Shining One

Shops:
D:2 *

Annotations:
D:2 1 runed translucent door, Crazy Yiuf
D:4 1 runed translucent door, lunkers's ghost, amateur MeSh
D:8 Maurice


Innate Abilities, Weirdness & Mutations

You are immune to sickness and miasma.
Your stone body is resilient. (AC +6)
You are immune to poison.
You resist negative energy. (rN+)
You are resistant to electric shocks. (rElec)
You are resistant to unholy torment.
You are immune to petrification.


Message History

The blast of sand hits the yak!
The yak is severely wounded.
A yak comes into view.
The blast of sand hits the yak!!
You kill the yak!
Sif Muna accepts your kill.
The yak bellows!
The yak gores you but does no damage. The yak closely misses you.
The yak gores you!
You climb upwards.
There is a stone staircase leading down here.
The blast of sand hits the yak!!
The yak is heavily wounded.
The yak gores you! x2
The blast of sand hits the yak!
The yak is almost dead.
The yak gores you. x4
* * * LOW HITPOINT WARNING * * *
You are too injured to fight recklessly!
You are too injured to fight recklessly!
Casting: Sandblast (safe; 1% risk of failure)
Confirm with . or Enter, or press ? or * to list all spells.
Aiming: Sandblast (safe; 1% risk of failure)
Press: ? - help, Shift-Dir - straight line, f/p - yak
Aim: a yak (almost dead, 91% to hit)
The blast of sand hits the yak!
You kill the yak!
Sif Muna accepts your kill. The yak gores you!
* * * LOW HITPOINT WARNING * * *
Your Earth Magic skill increases to level 12!
Casting: Sandblast (safe; 1% risk of failure)
Confirm with . or Enter, or press ? or * to list all spells.
Aiming: Stone Arrow (safe; 1% risk of failure)
Press: ? - help, Shift-Dir - straight line, f - yak
Aim: a yak (87% to hit)
You feel a surge of power!
The stone arrow hits the yak!!
The yak is severely wounded.
The yak gores you!
You die...

...................#........###..
#.#.#.#.#.#.#.#....#+###..#......
...............#...[..##..##.....
.#.#.#.#.#.#.#.#......#...'......
...............#..........#......
..#.#.#.#.#.#..#......#.....#....
.............###.....###...###...
....#..........#......#.....#....
....#<.........#@................
....#.)........†Y....+...........
....###..#######..........#......
......#..#......[##+..#.....#..#.
(.....#..#.......#...###...###...
......#..#.......+....#.....#....
......#'##.......#..#....##...#..
#'###.......######..#######..##..
....+.......'...'....#...........


You could see a yak.

Vanquished Creatures
  Maggie (D:6)
  3 yaks
  Eustachio (D:6)
  Menkaure (D:6)
  2 orc warriors
  A black bear (D:5)
  An ogre (D:6)
  A centaur (D:6)
  A phantom (D:5)
  Blork the orc (D:6)
  6 bullfrogs
  3 scorpions
  4 wights (D:6)
  4 hounds
  A jelly (D:4)
  A gnoll bouda (D:7)
  An orc priest (D:4)
  Jessica (D:2)
  2 orc wizards
  9 gnolls
  10 adders
  2 shadow imps
  2 white imps (D:7)
  2 ufetubi (D:6)
  4 dart slugs
  22 orcs
  14 ball pythons
  20 endoplasms
  8 giant cockroaches
  11 goblins
  7 hobgoblins
  16 quokkas
  4 bats
  17 frilled lizards
  8 kobolds
  7 rats
199 creatures vanquished.

Vanquished Creatures (collateral kills)
  3 boulders
3 creatures vanquished.

Grand Total: 202 creatures vanquished

Notes
Turn   | Place    | Note
-------+----------+-------------------------------------------
     0 | D:1      | Dordric the Gargoyle Earth Elementalist began the quest for
                  | the Orb.
     0 | D:1      | Reached XP level 1. HP: 10/10 MP: 3/3
    23 | D:1      | Reached skill level 4 in Earth Magic
   114 | D:1      | Reached XP level 2. HP: 15/15 MP: 3/5
   952 | D:1      | Reached XP level 3. HP: 19/19 MP: 4/6
  1007 | D:1      | Reached skill level 5 in Earth Magic
  1328 | D:2      | Learned a level 3 spell: Stone Arrow
  1828 | D:2      | Found Gikatyj's General Store.
  1889 | D:2      | Noticed Jessica
  1895 | D:2      | Killed Jessica
  1896 | D:2      | Reached XP level 4. HP: 20/24 MP: 5/7
  2552 | D:2      | Found a runed translucent door.
  2553 | D:2      | Noticed Crazy Yiuf
  2994 | D:3      | Found a glowing drain.
  3099 | Sewer    | Entered a sewer
  3131 | Sewer    | Reached skill level 6 in Earth Magic
  3201 | Sewer    | Reached XP level 5. HP: 28/28 MP: 5/9
  3751 | Sewer    | Reached XP level 6. HP: 32/32 MP: 4/11
  3775 | Sewer    | Identified the +0 leather armour of Focus {Harm +Blink
                  | Slay-2}
  4339 | D:4      | Reached skill level 7 in Earth Magic
  4503 | D:4      | Found a runed translucent door.
  4503 | D:4      | Noticed lunkers's ghost (amateur MeSh)
  5079 | D:5      | Entered Level 5 of the Dungeon
  5119 | D:5      | Found a sparkling altar of Nemelex Xobeh.
  5345 | D:5      | Noticed a black bear
  5348 | D:5      | Reached XP level 7. HP: 36/36 MP: 9/13
  5392 | D:5      | Reached skill level 8 in Earth Magic
  5560 | D:5      | Reached skill level 5 in Spellcasting
  5636 | D:5      | Found a staircase to the Ecumenical Temple.
  6075 | Temple   | Entered the Ecumenical Temple
  6082 | Temple   | Became a worshipper of Sif Muna the Loreminder
  6171 | D:6      | Learned a level 4 spell: Brom's Barrelling Boulder
  6265 | D:6      | Reached XP level 8. HP: 41/41 MP: 6/16
  6292 | D:6      | Reached skill level 9 in Earth Magic
  6429 | D:6      | Noticed Blork the orc
  6473 | D:6      | Killed Blork the orc
  6585 | D:6      | Noticed Maggie
  6780 | D:6      | Killed Maggie
  6781 | D:6      | Reached skill level 10 in Earth Magic
  7001 | D:6      | Found the +7 staff of the Meek {protect, meekguard}
  7170 | D:6      | Noticed Menkaure
  7191 | D:6      | Killed Menkaure
  7192 | D:6      | Reached XP level 9. HP: 38/45 MP: 13/19
  7485 | D:6      | Noticed Eustachio
  7489 | D:6      | Killed Eustachio
  7567 | D:6      | Reached skill level 11 in Earth Magic
  7768 | D:6      | Found a burning altar of Makhleb.
  7942 | D:7      | Found a basalt altar of Yredelemnul.
  8202 | D:7      | Reached * piety under Sif Muna
  8827 | D:8      | Noticed Maurice
  8827 | D:8      | Noticed a two-headed ogre
  9153 | D:7      | Reached skill level 12 in Earth Magic
  9153 | D:7      | Mangled by a yak

Illustrated notes

Levels and vault maps discovered:
D:1:      reono_arrival_mine, layout_basic
D:2:      layout_loops_ring, serial_shops, shop, hex_medium,
          uniq_crazy_yiuf_cottage, uniq_jessica
D:3:      layout_basic, gup_sewer_entry_pipe, minmay_between
D:4:      layout_loops_cross, gammafunk_ghost_grave
D:5:      layout_basic, nemelex_xobeh_ov_fountains_minmay,
          lemuel_temple_firewalk_b
D:6:      layout_layer_cave, mainiacjoe_overflow_surrounded_room,
          uniq_eustachio, uniq_maggie, uniq_blork_the_orc, uniq_menkaure
D:7:      layout_gridville, lemuel_round_altar, serial_glass, glass_columns_a,
          glass_columns_a, item_on_display_a, due_unseen_surprise,
          minmay_strange_pillars, hex_large
D:8:      layout_gridville, uniq_maurice, uniq_pikel
Temple:   nicolae_temple_bog_church

Skill      XL: |  1  2  3  4  5  6  7  8  9 |
---------------+----------------------------+-----
Earth Magic    | 4 5 6 7 8 10 12 | 12.1
Spellcasting   | 3 4 5 7 8 |  8.6
Dodging        | |  1.5
Stealth        | |  2.1
Transmutations | |  0.7

Action                     |  1- 3 |  4- 6 |  7- 9 || total
---------------------------+-------+-------+-------++-------
  Melee: Unarmed           |     2 |       |       ||     2
         Staff             |     6 |   295 |       ||   301
         Punch             |       |     7 |       ||     7
   Cast: Sandblast         |    51 |   139 |    79 ||   269
         Stone Arrow       |     2 |     4 |    52 ||    58
         Brom's Barrelling |       |       |     7 ||     7
    Use: Potion            |     1 |       |       ||     1
         Scroll            |       |     6 |     2 ||     8
 Armour: Robe              |    17 |    38 |    39 ||    94
         Acid dragon scale |       |       |    34 ||    34
  Dodge: Dodged            |    16 |    50 |    37 ||   103

Table legend: (Time is in decaauts)
 A = Elapsed time spent in this place.
 B = Non-inter-level travel time spent in this place.
 C = Inter-level travel time spent in this place.
 D = Time resting spent in this place.
 E = Time spent auto-exploring this place.
 F = Levels seen in this place.
 G = Mean time per level.
                   A        B        C        D        E       F      G
               +--------+--------+--------+--------+--------+-----+--------+
         Total |   9440 |   9162 |    278 |    449 |   6882 |  10 |  944.0 |
       Dungeon |   8626 |   8348 |    278 |    449 |   6341 |   8 | 1078.2 |
        Temple |     14 |     14 |      0 |      0 |      0 |   1 |   14.0 |
         Sewer |    799 |    799 |      0 |      0 |    540 |   1 |  799.0 |
               +--------+--------+--------+--------+--------+-----+--------+

Top non-repeatable levels by time:
     D:6: 1484 daAuts
     D:2: 1339 daAuts
     D:1: 1333 daAuts
     D:5: 1302 daAuts
     D:4: 1129 daAuts
     D:7: 1053 daAuts
     D:3: 801 daAuts
   Sewer: 799 daAuts
     D:8: 182 daAuts
  Temple: 14 daAuts
